 Dungeon Crawl Stone Soup version 0.13.0-29-gdb529de (webtiles) character file.

147 Imon the Exhumer (level 4, -4/37 HPs)
             Began as a Hill Orc Death Knight on Nov 14, 2013.
             Was a Follower of Yredelemnul.
             Succumbed to Chiseanne's ghost's poison
             ... on Level 3 of the Dungeon.
             The game lasted 00:09:10 (1493 turns).

Imon the Exhumer (Hill Orc Death Knight)            Turns: 1493, Time: 00:09:10

HP  -4/37        AC 11     Str 16      XL: 4   Next:  4%
MP   8/8         EV  0     Int 11      God: Yredelemnul [*.....]
Gold 87          SH 18     Dex 10      Spells:  0 memorised,  3 levels left

Res.Fire  : . . .   See Invis. : .   a - +2,+1 orc spear {=f}
Res.Cold  : . . .   Warding    : .   d - +0 dwarf plate armour
Life Prot.: . . .   Conserve   : .   g - +3 dwarf shield
Res.Poison: .       Res.Corr.  : .   (no helmet)
Res.Elec. : .       Clarity    : .   (no cloak)
Sust.Abil.: . .     Spirit.Shd : .   (no gloves)
Res.Mut.  : .       Stasis     : .   (no boots)
Res.Rott. : .       Flight     : .   (no amulet)
Saprovore : + . .                    (no ring)
                                     (no ring)

@: extremely poisoned, slightly resistant to hostile enchantments, extremely
unstealthy
A: saprovore 1
a: Animate Remains, Renounce Religion


You were on level 3 of the Dungeon.
You worshipped Yredelemnul.
Yredelemnul was aware of your devotion.
You were not hungry.

You visited 1 branch of the dungeon, and saw 3 of its levels.

You collected 67 gold pieces.

Inventory:

Hand weapons
 a - a +2,+1 orcish spear (weapon) {=f}
 j - a +1,+0 dwarven short sword
Missiles
 l - a throwing net (quivered)
Armour
 b - a +0 orcish leather armour
 d - a +0 dwarven plate armour (worn)
 g - a +3 dwarven shield (worn)
 k - a +2 chain mail
Magical devices
 i - a wand of enslavement (9) {unknown}
Comestibles
 c - a meat ration
 o - a slice of pizza
Scrolls
 m - a scroll of noise {unknown}
 n - a scroll of curse armour {unknown}
 p - 2 scrolls of blinking {unknown}
 q - a scroll of enchant weapon II {unknown}
Potions
 e - 2 potions of heal wounds {unknown}
 r - 2 potions of agility {unknown}
 s - a potion of confusion {unknown}


   Skills:
 + Level 2.7 Fighting
 + Level 3.0 Polearms
 + Level 1.7 Armour
 + Level 1.2 Dodging
 + Level 0.4 Shields
 + Level 4.6 Invocations


You had 3 spell levels left.
You didn't know any spells.

Dungeon Overview and Level Annotations

Branches:
Dungeon (3/27)

Altars:

Annotations:
D:3 Chiseanne's ghost, average HaMo


Innate Abilities, Weirdness & Mutations

You can tolerate rotten meat.


Message History

Chiseanne's ghost is lightly damaged.
You feel sick.
Chiseanne's ghost hits you but does no damage.
You closely miss Chiseanne's ghost.
Chiseanne's ghost is lightly damaged.
You feel extremely sick.
Chiseanne's ghost completely misses you.
You hit Chiseanne's ghost but do no damage.
Chiseanne's ghost is lightly damaged.
You feel very sick.
Chiseanne's ghost hits you but does no damage.
You are more poisoned.
You hit Chiseanne's ghost but do no damage.
Chiseanne's ghost is lightly damaged.
You feel very sick. Chiseanne's ghost hits you.
* * * LOW HITPOINT WARNING * * *
You are more poisoned.
You die...
Your body rises from the dead as a mindless zombie.

#...............#..
#...............#.#
#..................
#................#.
#..................
#§..§........#..##.
#§§..............%.
#p§.........#....##
#§@§........#....#
##########.........
#.###..### ... ....
##... ..... #.#.


You could see Chiseanne's ghost.

Vanquished Creatures
  Terence (D:2)
  2 adders
  A worm (D:2)
  An ooze (D:2)
  A ball python (D:2)
  3 giant cockroaches
  4 goblins (D:1)
  3 hobgoblins (D:1)
  A giant gecko (D:2)
  2 giant newts (D:1)
  5 rats
24 creatures vanquished.

Vanquished Creatures (others)
  An adder (D:2)
1 creature vanquished.

Grand Total: 25 creatures vanquished

Notes
Turn   | Place    | Note
--------------------------------------------------------------
     0 | D:1      | Imon, the Hill Orc Death Knight, began the quest for the Orb.
     0 | D:1      | Reached XP level 1. HP: 17/17 MP: 2/2
   235 | D:1      | Reached skill level 4 in Invocations
   235 | D:1      | Reached XP level 2. HP: 15/24 MP: 4/4
   488 | D:2      | Noticed Terence
   733 | D:2      | Killed Terence
   733 | D:2      | Reached skill level 1 in Dodging
   733 | D:2      | Reached XP level 3. HP: 25/30 MP: 6/6
  1206 | D:3      | Reached XP level 4. HP: 19/37 MP: 8/8
  1473 | D:3      | Noticed Chiseanne's ghost (average HaMo)
  1493 | D:3      | Succumbed to Chiseanne's ghost's poison

Action                   |  1- 3 |  4- 6 || total
-------------------------+-------+-------++-------
Melee: Spear             |   130 |    14 ||   144
Invok: Animate Remains   |     3 |       ||     3
  Use: Scroll            |     2 |     2 ||     4
